 Dungeon Crawl Stone Soup version 5.5-19-gbfab8aa (webtiles) character file.

7111 stpyramids the Severer (level 12, -8/103 HPs)
             Began as a Hill Orc Fighter on May 11, 2018.
             Was an Elder of Uskayaw.
             Mangled by a seven-headed hydra (10 damage)
             ... on level 13 of the Dungeon.
             The game lasted 00:16:49 (12442 turns).

stpyramids the Severer (Hill Orc Fighter)          Turns: 12442, Time: 00:16:49

Health: -8/103     AC: 10 (28%)Str: 24  XL:     12   Next: 73%
Magic:  18/18      EV: 10    Int: 13    God:    Uskayaw [4*[115]]
Gold:   779        SH: 10    Dex: 18    Spells: 17/17 levels left

rFire    . . .     SeeInvis .   y - +7 war axe "Avaetiy" {flame, Stlth+}
rCold    . . .     Faith    .   c - +0 shield
rNeg     + . .     Spirit   .   o - +1 scale mail {rN+}
rPois    .         Reflect  .   (no helmet)
rElec    .                      D - +0 cloak
rCorr    +                      f - +0 pair of gloves {Dex+3}
MR       .....                  m - +0 pair of boots
Stlth    ++++......             B - amulet of regeneration
Regen    0.7/turn               j - ring of resist corrosion
MPRegen  0.5/turn               O - +3 ring of evasion

@: slowed, very slow
A: camouflage, agile, blurry vision 1, clever, deformed body, sense
surroundings, MP-powered wands
a: Stomp, Line Pass, Renounce Religion


You were on level 13 of the Dungeon.
You worshipped Uskayaw.
Uskayaw was aware of your devotion.
You were not hungry.

You visited 1 branch of the dungeon, and saw 13 of its levels.

You collected 779 gold pieces.

Inventory:

Hand Weapons
 a - a +0 war axe
 u - a +0 shortbow
 y - the +7 war axe "Avaetiy" (weapon) {flame, Stlth+}
   (You found it on level 7 of the Dungeon)

   It has been specially enchanted to produce a fiery explosion on hit, causing
   extra injury to most foes and up to half again as much damage against
   particularly susceptible opponents.
   It makes you more stealthy.
 P - the +8 longbow "Ralop" {penet, Str+2 Dex+6}
   (You found it on level 11 of the Dungeon)

   Ammo fired by it will pass through the targets it hits, potentially hitting
   all targets in its path until it reaches maximum range.
   It affects your strength (+2).
   It affects your dexterity (+6).
Missiles
 n - 280 poisoned darts (quivered)
 s - 4 tomahawks
 J - 15 curare darts
Armour
 c - a +0 shield (worn)
 f - a +0 pair of gloves of dexterity (worn)
 m - a +0 pair of boots (worn)
 o - a +1 scale mail of positive energy (worn)
 w - a -2 chain mail
 C - a +2 ring mail of fire resistance
 D - a +0 cloak (worn)
 G - a +0 plate armour
 M - +0 steam dragon scales
Magical Staves
 S - an uncursed staff of cold
Jewellery
 b - a +5 ring of intelligence
 j - a ring of resist corrosion (left hand)
 B - an amulet of regeneration (around neck)
 N - an uncursed ring of fire
 O - a +3 ring of evasion (right hand)
Wands
 x - a wand of flame (4)
 E - a wand of paralysis (8)
 F - a wand of polymorph (27)
 Q - a wand of enslavement (6)
 R - a wand of clouds (3)
Scrolls
 e - 12 scrolls of teleportation
 g - 5 scrolls of enchant weapon
 h - 4 scrolls of noise
 k - a scroll of magic mapping
 p - 6 scrolls of enchant armour
 r - 9 scrolls of amnesia
 t - 3 scrolls of immolation
 K - 2 scrolls of fear
 L - a scroll of holy word
Potions
 d - 3 potions of augmentation
 i - 2 potions of resistance
 l - 2 potions of heal wounds
 q - a potion of magic
 v - a potion of cancellation
 z - 4 potions of flight
 A - a potion of berserk rage
 H - a potion of lignification
 I - a potion of mutation


   Skills:
 - Level 8.9 Fighting
 - Level 17.0 Axes
 + Level 8.4 Bows & Xbows
 - Level 9.4 Armour
 - Level 3.2 Shields
 - Level 9.0 Invocations


You had 17 spell levels left.
You didn't know any spells.

Dungeon Overview and Level Annotations

Branches:
Dungeon (13/15)            Bazaar (0/1) D:11

Altars:
Cheibriados
Dithmenos
Elyvilon
Gozag
Jiyva
Kikubaaqudgha
Makhleb
Nemelex Xobeh
Okawaru
Qazlal
Ru
Sif Muna
Trog
Uskayaw
Vehumet
Wu Jian
Xom
Yredelemnul
Zin
The Shining One


Innate Abilities, Weirdness & Mutations

Your skin blends seamlessly with your surroundings (Stealth+++).
You are agile. (Dex +5)
Scrolls take you a little longer to read.
Your mind is acute. (Int +5)
Armour fits poorly on your strangely shaped body.
You passively map the area around you.
You expend magic power (3 MP) to strengthen your wands.


Message History

You feel much better. The seven-headed hydra bites you (1).
* * * LOW HITPOINT WARNING * * *
The seven-headed hydra bites you (6).
* * * LOW HITPOINT WARNING * * *
The seven-headed hydra bites you (10)!
* * * LOW HITPOINT WARNING * * *
The seven-headed hydra bites you (2).
* * * LOW HITPOINT WARNING * * *
The seven-headed hydra barely misses you.
You block the seven-headed hydra's attack.
The seven-headed hydra bites you but does no damage.
You block the seven-headed hydra's attack.
The seven-headed hydra bites you (2).
* * * LOW HITPOINT WARNING * * *
The seven-headed hydra closely misses you.
The seven-headed hydra bites you (8)!
* * * LOW HITPOINT WARNING * * *
The seven-headed hydra closely misses you.
The seven-headed hydra bites you (10)!
You die...

* ,*, , ..., , *, ,
,..#.* #.# * * ** ,*
,#...* #.# * #..#
#.####.###*
#....###.[....... *
..........# *
#w##.##.#.# ,* #D##
#.#.# ,** * >
#@##.##.#.# , *
#.##....#.# *, ,
#.#####.#.###.* *,
#)............#* ,
.......))..(.#.###.#
+ *#########.#....#
* **, #......... ,,
###....### , ##.#.#


You could see a seven-headed hydra and a torpor snail.

Vanquished Creatures
  3 hydras
  A centaur warrior (D:13)
  Erica (D:8)
  4 two-headed ogres
  An orc sorcerer (D:10)
  A manticore (D:11)
  3 ugly things (D:11)
  A spiny frog (D:11)
  5 trolls
  2 meliai zombies
  A black mamba zombie (D:12)
  2 shadows
  8 yaks
  3 wyverns
  Eustachio (D:4)
  2 steam dragons (D:11)
  Grum (D:11)
  2 angry ghosts
  2 humans (D:7)
  A spiny frog skeleton (D:11)
  5 orc warriors
  3 wasps
  4 ice beasts
  10 ogres
  A phantom (D:8)
  4 wolves (D:11)
  2 blink frog zombies
  A blink frog skeleton (D:9)
  17 centaurs
  A rime drake zombie (D:11)
  A bullfrog (D:7)
  2 water moccasin skeletons
  5 scorpions
  3 wyvern skeletons
  2 crimson imps
  4 killer bees
  4 wights (D:11)
  4 electric eels (D:10)
  5 howler monkeys
  2 bullfrog zombies
  4 centaur zombies
  5 jellies
  2 quasits (D:7)
  6 hounds
  2 centaur skeletons
  4 orc wizards
  A bullfrog skeleton (D:7)
  Terence (D:3)
  Natasha (thrice) (D:3)
  6 worker ants
  A killer bee zombie (D:7)
  An iguana (D:7)
  A hound zombie (D:6)
  5 hound skeletons
  4 adders
  A shadow imp (D:8)
  5 oozes
  An adder skeleton (D:4)
  A dart slug (D:2)
  24 orcs
  2 quokkas
  2 ball pythons (D:1)
  2 giant cockroaches (D:1)
  8 goblins
  11 hobgoblins
  3 jackals
  5 kobolds
  3 bats
  4 rats
  20 plants (D:11)
263 creatures vanquished.

Vanquished Creatures (others)
  An orc (D:11)
1 creature vanquished.

Grand Total: 264 creatures vanquished

Notes
Turn   | Place    | Note
-------+----------+-------------------------------------------
     0 | D:1      | stpyramids the Hill Orc Fighter began the quest for the Orb.
     0 | D:1      | Reached XP level 1. HP: 19/19 MP: 2/2
    40 | D:1      | Reached skill level 3 in Axes
    66 | D:1      | Reached XP level 2. HP: 23/26 MP: 3/3
   269 | D:1      | Reached skill level 4 in Axes
   831 | D:1      | Gained mutation: Scrolls take you a little longer to read. [mutagenic hatch]
   839 | D:2      | Reached XP level 3. HP: 28/31 MP: 4/4
   924 | D:2      | Found a deep blue altar of Sif Muna.
   926 | D:2      | Reached skill level 5 in Axes
  1051 | D:2      | Found a white marble altar of Elyvilon.
  1164 | D:2      | Found a viscous altar of Jiyva.
  1196 | D:2      | Reached XP level 4. HP: 39/39 MP: 6/6
  1459 | D:2      | Gained mutation: Your skin blends seamlessly with your surroundings (Stealth+++). [mutagenic hatch]
  1542 | D:3      | Noticed Terence
  1555 | D:3      | Killed Terence
  1555 | D:3      | Reached skill level 6 in Axes
  1623 | D:3      | Found a radiant altar of Vehumet.
  1743 | D:3      | Reached XP level 5. HP: 45/45 MP: 7/7
  1930 | D:3      | Found an opulent altar of Gozag.
  1993 | D:3      | Found a glowing golden altar of the Shining One.
  2170 | D:3      | Noticed Natasha
  2189 | D:3      | Killed Natasha
  2189 | D:3      | Reached skill level 7 in Axes
  2228 | D:3      | Noticed Natasha
  2408 | D:3      | Killed Natasha
  2468 | D:3      | Found a bloodstained altar of Trog.
  2479 | D:3      | Found a hide-covered altar of Uskayaw.
  2483 | D:3      | Became a worshipper of Uskayaw the Reveler
  2610 | D:3      | Found a glowing golden altar of the Shining One.
  2646 | D:3      | Found a radiant altar of Vehumet.
  2681 | D:3      | Noticed Natasha
  2691 | D:3      | Reached * piety under Uskayaw
  2695 | D:3      | Killed Natasha
  2759 | D:3      | Found an opulent altar of Gozag.
  2817 | D:4      | Reached skill level 8 in Axes
  2817 | D:4      | Reached XP level 6. HP: 47/51 MP: 8/8
  2913 | D:4      | Reached ** piety under Uskayaw
  3036 | D:4      | Reached skill level 9 in Axes
  3048 | D:4      | Found a snail-covered altar of Cheibriados.
  3069 | D:4      | Found a burning altar of Makhleb.
  3072 | D:4      | Found an ancient bone altar of Kikubaaqudgha.
  3132 | D:4      | Reached XP level 7. HP: 51/57 MP: 10/10
  3215 | D:4      | Found a sparkling altar of Nemelex Xobeh.
  3372 | D:4      | Noticed Eustachio
  3401 | D:4      | Killed Eustachio
  3401 | D:4      | Reached skill level 10 in Axes
  3628 | D:5      | Entered Level 5 of the Dungeon
  3681 | D:5      | Reached *** piety under Uskayaw
  3683 | D:5      | Reached **** piety under Uskayaw
  3685 | D:5      | Reached ***** piety under Uskayaw
  3689 | D:5      | Reached skill level 5 in Fighting
  3901 | D:5      | Reached XP level 8. HP: 48/70 MP: 12/12
  4618 | D:5      | Found a basalt altar of Yredelemnul.
  4894 | D:6      | Found a shadowy altar of Dithmenos.
  4906 | D:6      | Found a sacrificial altar of Ru.
  5174 | D:6      | Reached skill level 1 in Invocations
  5229 | D:6      | Found a glowing silver altar of Zin.
  5292 | D:6      | Found a stormy altar of Qazlal.
  5801 | D:6      | Reached skill level 5 in Invocations
  5801 | D:6      | Reached XP level 9. HP: 56/82 MP: 14/14
  6169 | D:6      | Gained mutation: Armour fits poorly on your strangely shaped body. [mutagenic hatch]
  6202 | D:7      | Got the +7 war axe "Avaetiy" {flame, Stlth+}
  6748 | D:7      | Found a shimmering altar of Xom.
  6938 | D:7      | Found an iron altar of Okawaru.
  7139 | D:7      | Found an ornate altar of the Wu Jian Council.
  7292 | D:7      | Gained mutation: You passively map the area around you. [mutagenic hatch]
  7296 | D:8      | Reached skill level 5 in Armour
  7543 | D:8      | Reached XP level 10. HP: 85/90 MP: 15/15
  7659 | D:8      | Noticed Erica
  7667 | D:8      | Killed Erica
  8033 | D:9      | Reached skill level 11 in Axes
  8097 | D:9      | Noticed a two-headed ogre
  8109 | D:9      | Killed a two-headed ogre
  8109 | D:9      | Reached skill level 12 in Axes
  8432 | D:9      | Noticed a two-headed ogre
  8441 | D:9      | Killed a two-headed ogre
  8441 | D:9      | Reached skill level 13 in Axes
  8750 | D:9      | Gained mutation: Your mind is acute. (Int +5) [mutagenic hatch]
  8750 | D:10     | Entered Level 10 of the Dungeon
  8751 | D:10     | Noticed a five-headed hydra
  8769 | D:10     | Killed a five-headed hydra
  8769 | D:10     | Reached skill level 14 in Axes
  8769 | D:10     | Reached XP level 11. HP: 23/95 MP: 19/19
  9014 | D:10     | Noticed a two-headed ogre
  9023 | D:10     | Killed a two-headed ogre
  9198 | D:10     | Noticed an orc sorcerer
  9203 | D:10     | Killed an orc sorcerer
  9208 | D:10     | Reached skill level 15 in Axes
  9935 | D:11     | Reached skill level 16 in Axes
  9995 | D:11     | Noticed a brown ugly thing
 10008 | D:11     | Killed a brown ugly thing
 10083 | D:11     | Noticed a manticore
 10091 | D:11     | Killed a manticore
 10161 | D:11     | Found a gateway to a bazaar.
 10317 | D:11     | Reached skill level 17 in Axes
 10340 | D:11     | Got the +8 longbow "Ralop" {penet, Str+2 Dex+6}
 10420 | D:11     | Reached skill level 1 in Bows & Xbows
 10444 | D:11     | Noticed a nine-headed hydra
 10458 | D:11     | Killed a nine-headed hydra
 10458 | D:11     | Reached XP level 12. HP: 61/103 MP: 18/18
 10830 | D:11     | Noticed Grum
 10874 | D:11     | Killed Grum
 10881 | D:11     | Reached skill level 5 in Bows & Xbows
 11512 | D:11     | Gained mutation: You are agile. (Dex +5) [mutagenic hatch]
 11514 | D:12     | Noticed a two-headed ogre
 11524 | D:12     | Killed a two-headed ogre
 11975 | D:12     | Noticed a six-headed hydra
 11983 | D:12     | Killed a six-headed hydra
 12415 | D:12     | Gained mutation: You expend magic power (3 MP) to strengthen your wands. [mutagenic hatch]
 12424 | D:13     | Noticed a centaur warrior
 12437 | D:13     | Killed a centaur warrior
 12438 | D:13     | Noticed a seven-headed hydra
 12442 | D:13     | HP: 2/103 [seven-headed hydra (8)]
 12442 | D:13     | Mangled by a seven-headed hydra

Skill      XL: |  1  2  3  4  5  6  7  8  9 10 11 12 |
---------------+-------------------------------------+-----
Axes           | 3 4 5 6 8 9 10 14 17 | 17.0
Fighting       | 6 8 |  8.9
Invocations    | 5 9 |  9.0
Armour         | 7 9 |  9.4
Bows & Xbows   | 3 8 |  8.4
Shields        | |  3.2

Action                   |  1- 3 |  4- 6 |  7- 9 | 10-12 || total
-------------------------+-------+-------+-------+-------++-------
Melee: War axe           |    72 |   116 |   230 |   397 ||   815
Throw: Poisoned dart     |       |    60 |    42 |    25 ||   127
  Use: Potion            |       |       |       |     1 ||     1
 Stab: Sleeping          |       |     5 |     4 |     8 ||    17
       Paralysed         |       |       |     9 |    21 ||    30
       Distracted        |       |       |       |     2 ||     2
Armor: Scale mail        |    46 |    39 |    77 |    85 ||   247
Dodge: Dodged            |    23 |    25 |    47 |   106 ||   201
Block: Shield            |    45 |    36 |   100 |   132 ||   313
